 Dungeon Crawl Stone Soup version 0.22-a0-362-g535178c (webtiles) character file.

570 Amnesiac the Digger (level 7, -5/46 HPs)
             Began as a Mummy Earth Elementalist on Apr 20, 2018.
             Slain by Duvessa
             ... wielding a +0 short sword
              (7 damage)
             ... on level 4 of the Dungeon.
             The game lasted 00:03:58 (2049 turns).

Amnesiac the Digger (Mummy Earth Elementalist)      Turns: 2049, Time: 00:03:58

Health: -5/46      AC:  2    Str: 11    XL:     7   Next: 11%
Magic:  15/15      EV: 12    Int: 17    God:
Gold:   120        SH:  0    Dex: 12    Spells: 5/17 levels left

rFire    x . .     SeeInvis .   l - +1 dagger (freeze)
rCold    + . .     Gourm    .   (no shield)
rNeg     + + +     Faith    .   c - +0 robe
rPois    ∞         Spirit   .   (no helmet)
rElec    .         Reflect  .   (no cloak)
rCorr    +         Harm     .   (no gloves)
MR       .....                  (no boots)
Stlth    ++........             (no amulet)
HPRegen  0.15/turn              e - ring of resist corrosion
MPRegen  0.14/turn              (no ring)

@: no status effects
A: no food or potions, fire vulnerability, cold resistance 1, negative energy
resistance 3, torment resistance, unbreathing
a: no special abilities


You were on level 4 of the Dungeon.
You were not hungry.

You visited 1 branch of the dungeon, and saw 4 of its levels.

You collected 120 gold pieces.

Inventory:

Hand Weapons
 g - a +0 dagger
 j - a +1 dagger of chaos
 l - a +1 dagger of freezing (weapon)
Missiles
 b - 14 stones (quivered)
Armour
 c - a +0 robe (worn)
 d - a +0 ring mail
Jewellery
 e - a ring of resist corrosion (left hand)
Wands
 f - a wand of polymorph (7)
Scrolls
 a - 4 scrolls of remove curse {!r, unknown}
 h - 2 scrolls of blinking {!r, unknown}
 i - a scroll of identify {!r, unknown}
 k - a scroll of teleportation {!r, unknown}


   Skills:
 - Level 1.5 Dodging
 - Level 1.5 Stealth
 + Level 5.7 Spellcasting
 - Level 0.7 Transmutations
 * Level 5.8 Earth Magic


You had 5 spell levels left.
You knew the following spells:

 Your Spells              Type           Power        Failure   Level  Hunger
a - Sandblast             Erth           ###...       1%          1    N/A
b - Passwall              Tmut/Erth      ###.......   5%          2    N/A
d - Lee's Rapid Deconstr  Erth           ###.......   32%         5    N/A
e - Petrify               Tmut/Erth      ###.....     34%         4    N/A

Dungeon Overview and Level Annotations

Branches:
Dungeon (4/15)
 Temple: D:4-7

Altars:
Makhleb
Nemelex Xobeh
Trog
Xom

Shops:
D:4 [

Annotations:
D:4 2 transporters, Duvessa


Innate Abilities, Weirdness & Mutations

You do not eat or drink.
Your flesh is vulnerable to fire.
You are immune to poison.
Your flesh is cold resistant. (rC+)
You are immune to negative energy. (rN+++)
You are immune to unholy pain and torment.
You can survive without breathing.


Message History

Casting: Sandblast (safe; 1% risk of failure)
Confirm with . or Enter, or press ? or * to list all spells.
Aiming: Sandblast (safe; 1% risk of failure)
Press: ? - help, Shift-Dir - straight line, f/p - Dowan
Aim: Dowan, wielding a dagger of freezing and wearing a robe (severely wounded)
The blast of sand hits Dowan.
You kill Dowan!
You hear a distant scream of rage.
b - 14 stones
Casting: Sandblast (safe; 1% risk of failure)
Confirm with . or Enter, or press ? or * to list all spells.
You can't see any susceptible monsters within range! (Use Z to cast anyway.)
k - a scroll labeled KOXZUQ QETIOS {!r}
Things that are here:
a dagger of freezing; a robe; a sedimented cyan potion {!q}
l - a dagger of freezing Wield which item (- for none, * to show all)? (? for menu, Esc to quit)
That's the wrong kind of item! (Use * to select it.) Wield which item (- for none, * to show all)? (? for menu, Esc to quit)
Your +1 dagger of freezing glows with a cold blue light!
l - a +1 dagger of freezing (weapon)
You start resting.
Magic restored.
You start resting.
Magic restored.
You start resting.
HP restored.
You start resting.
HP restored.
The orc priest shouts!
You hear a shout!
Something shouts, "Leave, thou fobbing smouldering clotpole!"
The shadow imp shouts, "Give up, thou cockered smouldering vassal!"
Found 27 sling bullets.
Duvessa, Sister of Dowan comes into view.
She is wielding a short sword.
Duvessa goes berserk!
Casting: Sandblast (safe; 1% risk of failure)
Confirm with . or Enter, or press ? or * to list all spells.
Which direction?
You begin to meditate on the wall.
You continue meditating on the rock. x2
You finish merging with the rock.
Found a stone staircase leading down.
The shadow imp grins evilly.
Duvessa hits you with a short sword! Duvessa barely misses you.
Duvessa hits you with a short sword.
Duvessa rages.
Duvessa hits you with a short sword!!
* * * LOW HITPOINT WARNING * * *
Found a stone staircase leading up.
Duvessa hits you with a short sword!
* * * LOW HITPOINT WARNING * * *
Okay, then.
Duvessa completely misses you.
Evoke which item? (* to show all) (? for menu, Esc to quit)
Okay, then.
Duvessa hits you with a short sword!
* * * LOW HITPOINT WARNING * * *
Evoke which item? (* to show all) (? for menu, Esc to quit)
Aiming: Polymorph
Press: ? - help, Shift-Dir - straight line, f - Duvessa
Aim: Duvessa, wielding a short sword and wearing a ring mail (berserk, fast, unusually strong, chance to defeat MR: 28%)
Okay, then.
Duvessa closely misses you.
Duvessa is no longer berserk.
Duvessa hits you with a short sword!
You die...

# #....##... .....# ...
#..[..#.... ....###...
##...?.....# #....#....
#.......... #........ #
#.....#....###.......
#####....## #....#....# .
.........## #.......## ..
..........### #..e....# ...
......#...!.###.@####.###..<.
....##..##...(..## #.....#
................# ##....##
##############..# #..##.#
8P#.....5o#P8#..####.## .# ..
P.#≈≈≈≈≈≈≈#.P#.#.....# . ..
$.#..≈≈≈..#..#..>.....# # .
©?+..≈⌠≈..+/©#©........#
$.#..≈≈≈..#..#....###.....


You could see Duvessa and an orc priest.

Vanquished Creatures
  Grinder (D:3)
  An ogre (D:4)
  Dowan (D:4)
  A howler monkey (D:4)
  A crimson imp (D:4)
  2 hounds
  Ijyb (D:2)
  An iguana (D:4)
  2 adders
  An orc (D:4)
  A giant cockroach (D:2)
  3 hobgoblins
  10 jackals
  5 kobolds
  A quokka (D:4)
  A ball python (D:1)
  2 frilled lizards
  A jackal skeleton (D:4)
  A leopard gecko skeleton (D:4)
37 creatures vanquished.

Notes
Turn   | Place    | Note
-------+----------+-------------------------------------------
     0 | D:1      | Amnesiac the Mummy Earth Elementalist began the quest for the Orb.
     0 | D:1      | Reached XP level 1. HP: 13/13 MP: 4/4
    93 | D:2      | Reached XP level 2. HP: 6/19 MP: 0/6
   407 | D:2      | Reached XP level 3. HP: 23/24 MP: 2/8
   612 | D:3      | Noticed Ijyb
   709 | D:2      | Killed Ijyb
   709 | D:2      | Reached XP level 4. HP: 24/30 MP: 0/9
   804 | D:3      | Found a bloodstained altar of Trog.
   811 | D:3      | Found a sparkling altar of Nemelex Xobeh.
   948 | D:3      | Noticed Grinder
   972 | D:3      | Killed Grinder
   972 | D:3      | Reached XP level 5. HP: 7/35 MP: 0/12
   972 | D:3      | Reached XP level 6. HP: 8/41 MP: 0/13
  1239 | D:3      | Learned a level 2 spell: Passwall
  1245 | D:3      | Learned a level 5 spell: Lee's Rapid Deconstruction
  1250 | D:3      | Learned a level 4 spell: Petrify
  1300 | D:4      | Reached skill level 5 in Spellcasting
  1300 | D:4      | Reached skill level 5 in Earth Magic
  1528 | D:4      | Found Cuhoz's Antique Armour Boutique.
  1719 | D:4      | Found a transporter.
  1719 | D:4      | Noticed a kobold demonologist
  1771 | D:4      | Found a burning altar of Makhleb.
  1772 | D:4      | Found a shimmering altar of Xom.
  1820 | D:4      | Found a transporter.
  1860 | D:4      | Reached XP level 7. HP: 46/46 MP: 12/15
  1909 | D:4      | Noticed Dowan
  1925 | D:4      | Killed Dowan
  2027 | D:4      | Noticed Duvessa
  2044 | D:4      | HP: 1/46 [Duvessa/short sword (8)]
  2049 | D:4      | Slain by Duvessa

Vault maps used:
D:1:      minmay_arrival_open_corners
D:2:      led_sif_pool, first_ration, nicolae_dithmenos_through_a_glass_darkly
D:3:      nemelex_xobeh_ov_fountains_minmay, marbit_many_paths,
          trog_three_pillars_becter, uniq_natasha, uniq_grinder, uniq_ijyb,
          uniq_sigmund
D:4:      gammafunk_wand_slinger, grunt_temple_overflow_champion_of_chaos,
          st_stairs_8, kennysheep_windowed_goal, uniq_duvessa

Skill      XL: |  1  2  3  4  5  6 |
---------------+-------------------+-----
Spellcasting   | 3 4 5 |  5.7
Earth Magic    | 3 4 5 |  5.8
Dodging        | |  1.5
Stealth        | |  1.5
Transmutations | |  0.7

Action                   |  1- 3 |  4- 6 |  7- 9 || total
-------------------------+-------+-------+-------++-------
Melee: Unarmed           |     9 |       |       ||     9
       Dagger            |       |    17 |       ||    17
 Cast: Sandblast         |    40 |    42 |     6 ||    88
       Passwall          |       |       |     1 ||     1
 Stab: Sleeping          |       |     1 |       ||     1
Armor: Robe              |     7 |     5 |     1 ||    13
Dodge: Dodged            |    20 |    15 |     3 ||    38

Table legend:
 A = Spawn XP
 B = Non-spawn XP
 C = Spawn XP percentage of total XP
 D = Spawn monster count
 E = Non-spawn monster count
 F = Spawn count percentage of total count
 G = Total turns spent on level
                    A         B        C        D         E        F      G
               +---------+---------+-------+---------+---------+-------+---------
         Total |       0 |     815 |   0.0 |       0 |      37 |   0.0 |  2049
               +---------+---------+-------+---------+---------+-------+---------
           D:1 |       0 |       1 |   0.0 |       0 |       1 |   0.0 |    21
           D:2 |       0 |     120 |   0.0 |       0 |      16 |   0.0 |   771
           D:3 |       0 |     294 |   0.0 |       0 |       6 |   0.0 |   461
           D:4 |       0 |     400 |   0.0 |       0 |      14 |   0.0 |   796
               +---------+---------+-------+---------+---------+-------+---------
